 Dungeon Crawl Stone Soup version 0.29.1-1-gd02db6906a (webtiles) character file.

Game seed: 6272679914464299077

145 vvl the Shield-Bearer (level 5, -10/52 HPs)
             Began as a Troll Fighter on Oct 5, 2022.
             Killed from afar by Ijyb (15 damage)
             ... with a bolt of acid
             ... on level 3 of the Dungeon.
             The game lasted 00:04:27 (1866 turns).

vvl the Shield-Bearer (Troll Fighter)               Turns: 1866, Time: 00:04:28

Health: -10/52     AC:  0    Str: 24    XL:     5   Next: 6%
Magic:  4/4        EV:  8    Int:  6    God:
Gold:   72         SH:  7    Dex:  9    Spells: 5/5 levels left

rFire   . . .      SeeInvis .     - Unarmed
rCold   . . .      Faith    .   b - +0 kite shield
rNeg    . . .      Spirit   .   a - +0 robe
rPois   .          Reflect  .   (helmet restricted)
rElec   .          Harm     .   (no cloak)
rCorr   .          Rampage  .   (gloves unavailable)
Will    .....                   (boots unavailable)
Stlth   +.........              (no amulet)
HPRegen 0.97/turn               (no ring)
MPRegen 0.09/turn               (no ring)

@: mighty, corroded
A: large, unfitting armour, claws 3, regeneration 1, shaggy fur 1, tough skin 1
a: no special abilities


You were on level 3 of the Dungeon.
You visited 1 branch of the dungeon, and saw 3 of its levels.

You collected 72 gold pieces.

Inventory:

Hand Weapons
 f - a +2 dagger of venom
Armour
 a - a +0 robe (worn)
 b - a +0 kite shield (worn)
Jewellery
 q - an amulet of regeneration
Scrolls
 g - 2 scrolls of identify {unknown}
 i - a scroll of magic mapping {unknown}
 j - a scroll of vulnerability {unknown}
 l - a scroll of brand weapon {unknown}
 m - 2 scrolls of noise {unknown}
 n - a scroll of teleportation {unknown}
 p - a scroll of poison {unknown}
 r - a scroll of fear {unknown}
Potions
 d - 2 potions of ambrosia {unknown}
 e - 2 potions of curing {unknown}
 h - 2 potions of heal wounds {unknown}
 k - a potion of mutation {unknown}
 o - a potion of invisibility {unknown}
 s - a potion of flight {unknown}


   Skills:
 + Level 2.8 Fighting
 + Level 1.0 Armour
 + Level 2.9 Dodging
 + Level 3.1 Shields
 + Level 2.7 Unarmed Combat
 + Level 0.6 Spellcasting
 + Level 1.0 Necromancy
 + Level 1.2 Earth Magic


You had 5 spell levels left.
You didn't know any spells.
Your spell library contained the following spells:

 Spells                   Type           Power      Damage    Failure   Level
 Sandblast                Erth           2%         2d4       56%         1
 Passwall                 Tmut/Erth      0%         N/A       78%         2
 Stone Arrow              Conj/Erth      0%         3d7       95%         3


Dungeon Overview and Level Annotations

Branches:
Dungeon (3/15)

Altars:

Shops:
D:1 [:[   D:3 [

Annotations:
D:3 Ijyb


Innate Abilities, Weirdness & Mutations

You are too large for most types of armour.
You have claws for hands.
Your natural rate of healing is unusually fast.
You are covered in fur. (AC +1)
You have tough skin. (AC +1)


Message History

You kill the ball python!
The dart slug launches a dart at you. The slug dart hits you.
Ijyb the Twisted Goblin comes into view.
She is wielding a +0 club and carrying a wand of acid (9).
Ijyb shouts!
You scratch the dart slug.
The dart slug is severely wounded.
You claw the dart slug!
You kill the dart slug!
Ijyb zaps a wand.
The bolt of acid hits you!
Found a whip.
You barely miss Ijyb. Ijyb hits you but does no damage.
You scratch Ijyb.
Ijyb is lightly wounded.
Ijyb zaps a wand.
The bolt of acid hits you!!
You are too injured to fight recklessly!
You are too injured to fight recklessly!
You miss Ijyb.
Ijyb is lightly wounded.
Ijyb barely misses you. Ijyb closely misses you.
You closely miss Ijyb.
Ijyb is lightly wounded.
Ijyb screams, "Me kill you!" Ijyb closely misses you.
You closely miss Ijyb.
Ijyb is lightly wounded.
Ijyb hits you but does no damage.
You closely miss Ijyb.
Ijyb is lightly wounded.
Ijyb zaps a wand.
The bolt of acid hits you! The acid corrodes you!
You feel very mighty all of a sudden. You block Ijyb's attack.
You claw Ijyb!
Ijyb is heavily wounded.
Ijyb zaps a wand.
The bolt of acid hits you!
* * * LOW HITPOINT WARNING * * *
You closely miss Ijyb.
Ijyb is heavily wounded.
Ijyb zaps a wand.
The bolt of acid hits you!
You die...

~≈~≈~.# )~#~≈~# ###
.~≈≈#≈.#.# #..
#≈≈≈≈≈≈#.######.###
#≈#≈≈≈≈~.##.. ....#
.~~~~≈~~.##.# #.#.#
.~≈~~~≈..##.###.#.#####.
.~≈≈≈~~~.##.##........).
~~≈≈#~~~.##.##†.@g#
~≈≈≈≈≈~...........#
$≈≈≈≈≈...##.......#
~≈≈≈≈~#..#####.####
≈≈~#~###.# #..?..#
≈≈~.## #.##.........
≈†#..# #.#..#####...#
###..# #...# #..# # #.##
##.. ..#


You could see Ijyb.

Vanquished Creatures
  6 adders
  A worm (D:2)
  8 dart slugs
  An orc (D:3)
  7 endoplasms
  3 giant cockroaches
  4 goblins
  3 hobgoblins
  7 jackals (D:2)
  A quokka (D:2)
  6 ball pythons
  10 bats
  A frilled lizard (D:1)
  6 kobolds
  6 rats
70 creatures vanquished.

Vanquished Creatures (others)
  21 plants (D:2)
21 creatures vanquished.

Grand Total: 91 creatures vanquished

Notes
Turn   | Place    | Note
-------+----------+-------------------------------------------
     0 | D:1      | vvl the Troll Fighter began the quest for the Orb.
     0 | D:1      | Reached XP level 1. HP: 22/22 MP: 0/0
    44 | D:1      | Found Oxtorch's Antique Armour Emporium.
    98 | D:1      | Found Ducliphi's Antique Armour Boutique.
   127 | D:1      | Reached XP level 2. HP: 29/29 MP: 1/1
   380 | D:1      | Found Sumen Vec's Book Shop.
   841 | D:2      | Reached XP level 3. HP: 36/36 MP: 2/2
  1044 | D:2      | Reached skill level 1 in Earth Magic
  1044 | D:2      | Reached XP level 4. HP: 24/44 MP: 3/3
  1217 | D:2      | Identified the +3 spear of Makhleb, Blushing {spect, Fly
                  | rN+ Int+2}
  1246 | D:2      | Reached skill level 3 in Shields
  1547 | D:2      | Found a faded altar of an unknown god.
  1605 | D:3      | Found Lazxigha's Armour Shop.
  1694 | D:3      | Reached skill level 1 in Armour
  1819 | D:3      | Reached skill level 1 in Necromancy
  1819 | D:3      | Reached XP level 5. HP: 52/52 MP: 4/4
  1853 | D:3      | Noticed Ijyb
  1866 | D:3      | Killed from afar by Ijyb

Illustrated notes

Levels and vault maps discovered:
D:1:      lightli_arrival_lavapool, layout_basic, serial_curves, eino_curves_04,
          eino_curves_03, eino_curves_01, eino_curves_01, serial_shops, shop,
          nicolae_shop_statue_plus, shop
D:2:      layout_basic, hellmonk_ecumenical_altar_prayer_group, kennysheep_boxes
D:3:      kennysheep_slugbush, layout_loops_ring,
          lemuel_zombie_altar_kikubaaqudgha, bloody_makhleb, serial_shops, shop,
          kennysheep_jessica_study, uniq_ijyb

Skill      XL: |  1  2  3  4 |
---------------+-------------+-----
Earth Magic    | 1 |  1.2
Shields        | 3 |  3.1
Armour         | 1 |  1.0
Necromancy     | 1 |  1.0
Fighting       | |  2.8
Dodging        | |  2.9
Unarmed Combat | |  2.7
Spellcasting   | |  0.6

Action                   |  1- 3 |  4- 6 || total
-------------------------+-------+-------++-------
Melee: Unarmed           |   104 |   106 ||   210
  Use: Potion            |       |     1 ||     1
 Stab: Sleeping          |     1 |       ||     1
Armor: Robe              |    53 |    31 ||    84
Dodge: Dodged            |    57 |    40 ||    97
Block: Kite shield       |    43 |    41 ||    84
